 Dungeon Crawl Stone Soup version 0.22-a0-359-g5e80d7e212 (webtiles) character file.

81087 RedPan the Black Belt (level 15, -4/122 HPs)
             Began as a Demonspawn Monk on Apr 19, 2018.
             Was the Champion of Cheibriados.
             Slain by an orc warrior
             ... wielding a +0 glaive
              (5 damage)
             ... on level 2 of the Orcish Mines.
             The game lasted 01:12:04 (24349 turns).

RedPan the Black Belt (Demonspawn Monk)            Turns: 24349, Time: 01:12:05

Health: -4/122     AC: 23    Str: 34    XL:     15   Next: 25%
Magic:  0/21       EV: 16    Int: 27    God:    Cheibriados [******]
Gold:   1717       SH: 21    Dex: 39    Spells: 14/14 levels left

rFire    . . .     SeeInvis .     - Unarmed
rCold    . . .     Gourm    .   I - +0 large shield
rNeg     + . .     Faith    .   H - +2 pearl dragon scales
rPois    +         Spirit   +   O - +1 helmet "Cuesof" {+Inv}
rElec    .         Reflect  .   f - +0 cloak
rCorr    .         Harm     .   (no gloves)
MR       ++...                  m - +0 pair of boots
Stlth    +.........             T - amulet of regeneration
HPRegen  0.70/turn              r - +3 ring of protection
MPRegen  0.34/turn              L - ring "Omnul" {rPois MR+ Str+3 Dex+5}

@: liquid flames, about to teleport, glowing, drained, very slow
A: claws 2, thin skeletal structure 1, foul stench 1, magic shield, magic
regeneration, magic link, rot immunity
a: Bend Time, Temporal Distortion, Slouch, Step From Time, Renounce Religion,
Evoke Invisibility


You were on level 2 of the Orcish Mines.
You worshipped Cheibriados.
Cheibriados was exalted by your worship.
You were hungry.

You visited 4 branches of the dungeon, and saw 23 of its levels.
You also visited: Labyrinth and Ice Cave.

You collected 2489 gold pieces.
You spent 772 gold pieces at shops.

Inventory:

Armour
 f - a +0 cloak (worn)
 m - a +0 pair of boots (worn)
 u - a +2 buckler of reflection
 H - +2 pearl dragon scales (worn)
 I - a +0 large shield (worn)
 O - the +1 helmet "Cuesof" (worn) {+Inv}
   (You acquired it on level 5 of the Lair of Beasts)

   It lets you turn invisible.
Jewellery
 c - a +6 ring of strength
 h - an uncursed ring of stealth
 i - an uncursed ring of resist corrosion
 l - an uncursed ring of magical power
 r - a +3 ring of protection (left claw)
 w - an uncursed ring of protection from magic
 y - an uncursed ring of protection from fire
 D - an uncursed ring of ice
 K - an uncursed ring of fire
 L - the ring "Omnul" (right claw) {rPois MR+ Str+3 Dex+5}
   (You found it on level 2 of the Lair of Beasts)

   [ring of dexterity]

   It affects your strength (+3).
   It affects your dexterity (+5).
   It protects you from poison.
   It affects your resistance to hostile enchantments.
 T - an amulet of regeneration (around neck)
Wands
 s - a wand of polymorph (17)
 B - a wand of paralysis (7)
 C - a wand of scattershot (3)
 J - a wand of enslavement (7)
 M - a wand of flame (36)
 Q - a wand of iceblast (14)
 S - a wand of disintegration (12)
Scrolls
 a - 14 scrolls of remove curse
 e - 5 scrolls of amnesia
 k - 2 scrolls of enchant weapon
 o - 3 scrolls of magic mapping
 p - 4 scrolls of teleportation
 x - 4 scrolls of fear
 N - 6 scrolls of identify
Potions
 d - 5 potions of flight
 g - 2 potions of brilliance
 j - 8 potions of curing
 n - a potion of berserk rage
 q - 2 potions of haste
 t - 2 potions of cancellation
 v - a potion of ambrosia
 A - a potion of lignification
 E - 3 potions of might
 F - a potion of magic
 P - a potion of agility
 U - a potion of mutation
Miscellaneous
 z - a lightning rod (4/4)
Comestibles
 b - 40 rations
 R - 2 chunks of flesh


   Skills:
 + Level 12.5(11.8) Fighting
 - Level 8.1(7.5) Armour
 - Level 8.1(7.5) Dodging
 - Level 1.7(1.2) Stealth
 + Level 9.3(8.6) Shields
 + Level 16.0(15.3) Unarmed Combat
 - Level 9.0(8.3) Invocations


You had 14 spell levels left.
You didn't know any spells.

Dungeon Overview and Level Annotations

Branches:
Dungeon (14/15)            Temple (1/1) D:5            Lair (6/6) D:10
 Shoals (0/4) Lair:4       Spider (0/4) Lair:4        Slime (0/5) Lair:6
    Orc (2/2) D:9             Elf (0/3) Orc:2
 Vaults: D:13-14

Altars:
Ashenzari
Cheibriados
Dithmenos
Elyvilon
Fedhas
Gozag
Hepliaklqana
Kikubaaqudgha
Makhleb
Nemelex Xobeh
Okawaru
Qazlal
Ru
Sif Muna
Trog
Uskayaw
Vehumet
Wu Jian
Xom
Yredelemnul
Zin
The Shining One
Jiyva

Shops:
D:8 (   D:9 (   D:13 [   Orc:2 =!%

Portals:
Trove: D:13 (give +5 demon blade)

Annotations:
D:13 exclusion: orange crystal statue
Lair:1 exclusions: plant and 2 more exclusions


Innate Abilities, Weirdness & Mutations

You have very sharp fingernails.
You have a somewhat thin skeletal structure. (Dex +2, Stealth)
You may emit foul miasma when damaged in melee.
When hurt, damage is shared between your health and your magic reserves.
You regenerate magic rapidly.
When low on magic, you restore magic in place of health.
You are immune to rotting.


Message History

* * * LOW HITPOINT WARNING * * *
You hear a shout!
You feel much better.
You are covered in liquid flames!
* * * LOW HITPOINT WARNING * * *
You block the sun demon's attack.
The ufetubus is engulfed in seething chaos.
You block the ufetubus's attack. x2; The ufetubus barely misses you.
The ufetubus hits you but does no damage.
As you read the scroll of teleportation, it crumbles to dust.
You feel strangely unstable.
You are covered in liquid flames!
* * * LOW HITPOINT WARNING * * *
You block the ufetubus's attack. x2; The ufetubus misses you.
You block the ufetubus's attack. The sun demon hits you!
* * * LOW HITPOINT WARNING * * *
You are engulfed in flames!
* * * LOW HITPOINT WARNING * * *
The orc warrior hits you from afar with a glaive.
You die...

#...#.)..## ∩.#..)).## 4.
....#.)## ... ∩.#.....## .)..
#...#....## #5#.# ##....#...##
#3..# ##.....[..## #5..# ###
##..###.).## ##3o5# ##.#
##..###...###@5o##### #####...
##..###...#((5###..###.#.##..
##..###.#.#)###............. .
##..###...###..............
......###..###.###...............
.......###..#####...............#
........###..###.................
.........##...#.................#
...........)...................##


You could see a sun demon, a ynoxinul, an orc sorcerer, a red devil, an orc
warrior and 5 ufetubi.

Vanquished Creatures
  Rupert (Lair:4)
  A frost giant (IceCv)
  A minotaur (Lab)
  Josephine (Lair:4)
  A vault guard (D:13)
  Fannar (D:11)
  3 hydras
  A centaur warrior (D:13)
  2 two-headed ogres
  Erica (D:8)
  A death knight (D:10)
  18 death yaks
  3 catoblepae (Lair:6)
  A sun demon (Orc:2)
  An unseen horror (D:13)
  5 orc knights
  A deep elf mage (D:13)
  2 manticores (Lair:6)
  An oklob plant (D:10)
  3 orc sorcerers (Orc:2)
  2 cyclopes
  An ugly thing (D:13)
  16 elephants
  3 black mambas
  A gargoyle (D:11)
  9 spiny frogs
  6 rime drakes
  2 orange demons (Orc:2)
  7 komodo dragons
  An ice devil (Orc:2)
  4 trolls
  14 polar bears (IceCv)
  8 hippogriffs
  23 blink frogs
  A redback (Lair:4)
  58 yaks
  4 hogs (D:7)
  A human (D:7)
  4 wyverns
  Grum (D:8)
  2 basilisks
  2 hungry ghosts
  6 wraiths
  Edmund (D:6)
  An acid dragon (D:13)
  3 wargs (Orc:2)
  9 water moccasins
  12 porcupines
  27 orc warriors
  6 sky beasts
  A hornet zombie (D:7)
  2 ice beasts
  25 wolves
  6 centaurs
  8 ogres
  A necrophage (D:9)
  7 crocodiles
  20 bullfrogs
  A big kobold (D:9)
  An earth elemental (Lab)
  A scorpion (D:6)
  24 killer bees
  5 wights
  3 electric eels (Lair:3)
  2 bullfrog zombies
  4 crimson imps
  4 centaur zombies
  2 bullfrog skeletons
  3 hounds
  20 orc priests
  A gnoll shaman (D:8)
  4 jellies
  Crazy Yiuf (D:6)
  2 centaur skeletons
  2 iguanas
  Natasha (twice) (D:3)
  13 orc wizards
  10 worker ants
  A hound skeleton (D:8)
  A worker ant zombie (D:5)
  Robin (D:3)
  16 gnolls
  16 adders
  2 shadow imps
  An ooze (D:1)
  5 worms
  A dart slug (D:2)
  4 leopard geckos
  52 orcs
  7 giant cockroaches
  17 goblins
  9 hobgoblins
  19 jackals
  5 quokkas
  2 ball pythons
  4 bats
  7 frilled lizards
  8 kobolds
  2 quokka zombies
  7 rats
  A plant (D:10)
647 creatures vanquished.

Vanquished Creatures (others)
  12 fungi
  14 plants
26 creatures vanquished.

Grand Total: 673 creatures vanquished

Notes
Turn   | Place    | Note
-------+----------+-------------------------------------------
     0 | D:1      | RedPan the Demonspawn Monk began the quest for the Orb.
     0 | D:1      | Reached XP level 1. HP: 18/18 MP: 1/1
   165 | D:1      | Reached skill level 3 in Unarmed Combat
   175 | D:1      | Gained mutation: When hurt, damage is shared between your health and your magic reserves. [demonic ancestry]
   175 | D:1      | Reached XP level 2. HP: 7/24 MP: 2/2
  1051 | D:1      | Gained mutation: You have sharp fingernails. [demonic ancestry]
  1051 | D:1      | Reached XP level 3. HP: 29/29 MP: 3/3
  1992 | D:2      | Reached skill level 4 in Unarmed Combat
  2443 | D:3      | Noticed Robin
  2456 | D:2      | Gained mutation: You are immune to rotting. [demonic ancestry]
  2456 | D:2      | Reached XP level 4. HP: 11/35 MP: 1/4
  3017 | D:3      | Killed Robin
  3094 | D:3      | Gained mutation: You may emit foul miasma when damaged in melee. [demonic ancestry]
  3094 | D:3      | Reached XP level 5. HP: 27/41 MP: 5/5
  3144 | D:3      | Noticed Natasha
  3165 | D:3      | Killed Natasha
  3882 | D:3      | Noticed Natasha
  3895 | D:3      | Killed Natasha
  3895 | D:3      | Reached skill level 5 in Unarmed Combat
  4734 | D:5      | Entered Level 5 of the Dungeon
  4910 | D:5      | Noticed an ogre
  4928 | D:5      | Killed an ogre
  4928 | D:5      | Reached skill level 1 in Armour
  4928 | D:5      | Reached XP level 6. HP: 13/47 MP: 1/6
  5152 | D:5      | Found a snail-covered altar of Cheibriados.
  5164 | D:5      | Became a worshipper of Cheibriados the Contemplative
  5164 | D:5      | Reached * piety under Cheibriados
  5164 | D:5      | Reached ** piety under Cheibriados
  5170 | D:5      | Found a glowing silver altar of Zin.
  5181 | D:5      | Found a sparkling altar of Nemelex Xobeh.
  5184 | D:5      | Found a hazy altar of Hepliaklqana.
  5213 | D:5      | Found a staircase to the Ecumenical Temple.
  5213 | D:5      | Noticed a sky beast
  5222 | D:5      | Killed a sky beast
  5222 | D:5      | Reached skill level 1 in Invocations
  5240 | Temple   | Entered the Ecumenical Temple
  5537 | D:5      | Gained mutation: You regenerate magic rapidly. [demonic ancestry]
  5537 | D:5      | Reached XP level 7. HP: 25/52 MP: 4/8
  5792 | D:5      | Reached skill level 6 in Unarmed Combat
  6473 | D:6      | Reached *** piety under Cheibriados
  6565 | D:6      | Noticed Edmund
  6585 | D:6      | Killed Edmund
  6585 | D:6      | Reached skill level 5 in Dodging
  6585 | D:6      | Gained mutation: You have very sharp fingernails. [demonic ancestry]
  6585 | D:6      | Reached XP level 8. HP: 47/58 MP: 8/10
  7209 | D:6      | Found a runed door.
  7468 | D:6      | Noticed Crazy Yiuf
  7479 | D:6      | Killed Crazy Yiuf
  7479 | D:6      | Reached skill level 7 in Unarmed Combat
  7998 | D:7      | Reached **** piety under Cheibriados
  8195 | D:7      | Noticed a hippogriff
  8204 | D:7      | Killed a hippogriff
  8204 | D:7      | Reached skill level 5 in Invocations
  8319 | D:7      | Found a hide-covered altar of Uskayaw.
  8459 | D:7      | Reached skill level 8 in Unarmed Combat
  8459 | D:7      | Gained mutation: When low on magic, you restore magic in place of health. [demonic ancestry]
  8459 | D:7      | Reached XP level 9. HP: 61/65 MP: 13/13
  8990 | D:8      | Reached skill level 5 in Fighting
  9093 | D:8      | Noticed Erica
  9106 | D:8      | Killed Erica
  9106 | D:8      | Reached skill level 5 in Armour
  9106 | D:8      | Reached skill level 9 in Unarmed Combat
  9320 | D:8      | Found Muxaliwu's Antique Weapon Shop.
  9467 | D:8      | Noticed Grum
  9480 | D:8      | Killed Grum
  9480 | D:8      | Reached XP level 10. HP: 60/74 MP: 13/15
  9612 | D:9      | Reached ***** piety under Cheibriados
  9724 | D:9      | Noticed a two-headed ogre
  9738 | D:9      | Killed a two-headed ogre
  9738 | D:9      | Reached skill level 10 in Unarmed Combat
 10119 | D:9      | Found a staircase to the Orcish Mines.
 10580 | D:9      | Found Qeg Vyf's Antique Weapon Boutique.
 10608 | D:10     | Entered Level 10 of the Dungeon
 11072 | D:10     | Reached XP level 11. HP: 81/81 MP: 17/17
 11074 | D:10     | Found a staircase to the Lair.
 11074 | D:10     | Noticed an oklob plant
 11266 | D:10     | Killed an oklob plant
 11519 | D:10     | Noticed a death knight
 11529 | D:10     | Killed a death knight
 11687 | D:10     | You fall through a shaft!
 11789 | D:11     | Noticed Fannar
 11908 | D:11     | Reached skill level 11 in Unarmed Combat
 12568 | D:11     | Killed Fannar
 12811 | Lair:1   | Entered Level 1 of the Lair of Beasts
 12850 | Lair:1   | Found a frozen archway.
 12871 | IceCv    | Entered an ice cave
 13707 | IceCv    | Noticed a frost giant
 13713 | IceCv    | Killed a frost giant
 13713 | IceCv    | Reached skill level 12 in Unarmed Combat
 13713 | IceCv    | Gained mutation: You have a somewhat thin skeletal structure. (Dex +2, Stealth) [demonic ancestry]
 13713 | IceCv    | Reached XP level 12. HP: 71/91 MP: 14/18
 14327 | Lair:1   | Reached ****** piety under Cheibriados
 14631 | Lair:1   | Reached skill level 1 in Shields
 15671 | Lair:2   | Got a brightly glowing bronze ring
 15673 | Lair:2   | Identified the ring "Omnul" {rPois MR+ Str+3 Dex+5} (You found it on level 2 of the Lair of Beasts)
 16094 | Lair:3   | Reached skill level 13 in Unarmed Combat
 16253 | Lair:3   | HP: 3/94 [electric eel/bolt of electricity (6)]
 17213 | Lair:4   | Noticed Josephine
 17224 | Lair:4   | Killed Josephine
 17246 | Lair:4   | Reached XP level 13. HP: 88/101 MP: 19/19
 17278 | Lair:4   | Found a hole to the Spider Nest.
 17318 | Lair:4   | Noticed Rupert
 17330 | Lair:4   | Killed Rupert
 17651 | Lair:4   | Found a staircase to the Shoals.
 18111 | Lair:5   | Reached skill level 14 in Unarmed Combat
 18127 | Lair:5   | Reached skill level 5 in Shields
 18946 | Lair:5   | Identified a scroll of acquirement
 18947 | Lair:5   | Got a blackened helmet
 18958 | Lair:5   | Identified the +1 helmet "Cuesof" {+Inv} (You acquired it on level 5 of the Lair of Beasts)
 19005 | Lair:6   | Entered Level 6 of the Lair of Beasts
 19036 | Lair:6   | Reached skill level 10 in Fighting
 19038 | Lair:6   | Found a viscous altar of Jiyva.
 19039 | Lair:6   | Found a staircase to the Slime Pits.
 19826 | Lair:6   | Reached XP level 14. HP: 111/111 MP: 20/20
 20047 | Lair:6   | Reached skill level 15 in Unarmed Combat
 22332 | D:13     | Found Comeruv's Antique Armour Shop.
 22443 | D:13     | Found a portal to a secret trove of treasure.
 22648 | Orc:1    | Entered Level 1 of the Orcish Mines
 23150 | Orc:2    | Entered Level 2 of the Orcish Mines
 23166 | Orc:2    | Reached XP level 15. HP: 113/120 MP: 21/21
 23241 | Orc:2    | Found a labyrinth entrance.
 23273 | Lab      | Entered a labyrinth
 23316 | Lab      | Found an exit through the horrors of the Abyss.
 23598 | Orc:2    | Found Xaruewn's Distillery.
 23622 | Orc:2    | Found Joigamem's Food Emporium.
 23871 | Orc:2    | Bought a potion of heal wounds for 70 gold pieces
 23871 | Orc:2    | Bought a potion of curing for 42 gold pieces
 23871 | Orc:2    | Bought a potion of mutation for 112 gold pieces
 23871 | Orc:2    | Bought a potion of might for 56 gold pieces
 23871 | Orc:2    | Bought a potion of curing for 42 gold pieces
 24064 | Orc:2    | Found Deit's Jewellery Shoppe.
 24073 | Orc:2    | Reached skill level 16 in Unarmed Combat
 24107 | Orc:2    | Bought an uncursed amulet of regeneration for 450 gold pieces
 24123 | Orc:2    | Found a staircase to the Elven Halls.
 24349 | Orc:2    | HP: 1/122 [sun demon (10)]
 24349 | Orc:2    | Slain by an orc warrior

Vault maps used:
D:1:      kennysheep_arrival_seaside
D:2:      serial_curves, eino_curves_03, eino_curves_02, eino_curves_03,
          eino_curves_03, first_ration
D:3:      serial_glass, glass_columns_a, glass_columns_a,
          minmay_strange_pillars, item_on_display_a,
          cheibrodos_sewer_entry_sluice, uniq_natasha, uniq_robin
D:4:      serial_glass, glass_columns_b, glass_columns_c,
          minmay_strange_pillars, item_on_display_a, due_unseen_surprise
D:5:      grunt_temple_overflow_cloverleaf, temple_fountains
D:6:      wad_crossroads, minmay_misc_feat_more_columns, uniq_edmund,
          uniq_crazy_yiuf_cottage
D:7:      basic_altar, grunt_livestock
D:8:      serial_shops, shop, uniq_erica, uniq_grum
D:9:      orc_0_dummy, serial_shops, shop
D:10:     dpeg_oklobed_lair
D:11:     uniq_fannar
D:13:     enter_trove_5, serial_shops, shop, minivault_16
D:14:     kennysheep_ambush_hall, erik_vaults_1, yredelemnul_altar_generic,
          dk_noncrumbling_4
Temple:   dpeg_five_rooms_temple
Lair:1:   portal_ice_cave_rime, serial_bayou_ford_a
Lair:3:   serial_bayou_shore_a, infiniplex_staircase_pool, grunt_megastairs_1
Lair:4:   shoals_dummy_entry, spider_nest_entry_a, grunt_megastairs_4,
          uniq_josephine, uniq_rupert
Lair:5:   lemuel_fruit_tree
Lair:6:   evilmike_catoblepas_cave, slime_altar_1, grunt_megastairs_2
Orc:1:    uniq_nergalle
Orc:2:    pf_orc_diabolical, lab_entry_generic, serial_shops,
          nicolae_shop_temple_entry_statues_fountains,
          nicolae_volcano_entry_two_sided
Lab:      labyrinth_watery, nicolae_lab_plus, labyrinth_lava_lair,
          nicolae_lab_stuck, nicolae_lab_flowing_pool, nicolae_lab_diamond,
          nicolae_lab_statue, labyrinth_skeletal_remains, nicolae_lab_blocks
IceCv:    ice_cave_small_giant

Skill      XL: |  1  2  3  4  5  6  7  8  9 10 11 12 13 14 15 |
---------------+----------------------------------------------+-----
Unarmed Combat | 3 4 5 6 8 9 10 12 13 14 15 16 | 16.0
Dodging        | 3 4 5 6 7 8 |  8.1
Armour         | 1 2 4 5 6 7 8 |  8.1
Invocations    | 2 3 5 7 9 |  9.0
Fighting       | 4 5 7 9 10 12 | 12.5
Shields        | 3 6 8 9 |  9.3
Stealth        | |  1.7

Action                   |  1- 3 |  4- 6 |  7- 9 | 10-12 | 13-15 || total
-------------------------+-------+-------+-------+-------+-------++-------
Melee: Unarmed           |   146 |   200 |   303 |   608 |   934 ||  2191
       Punch             |     2 |     7 |    17 |    34 |       ||    60
Invok: Bend Time         |       |       |     3 |     5 |    11 ||    19
       Slouch            |       |       |       |     2 |     3 ||     5
  Use: Scroll            |     7 |     6 |     4 |    10 |     9 ||    36
       Potion            |       |     4 |       |     5 |     4 ||    13
 Stab: Sleeping          |     7 |     4 |     1 |     7 |     3 ||    22
       Distracted        |       |       |       |     2 |     1 ||     3
  Eat: Chunk             |     3 |     7 |     4 |    14 |    12 ||    40
       Ration            |       |     1 |     1 |       |     1 ||     3
Armor: Robe              |    19 |    14 |       |       |       ||    33
       Ring mail         |       |    37 |    46 |       |       ||    83
       Animal skin       |       |     9 |       |       |       ||     9
       Chain mail        |       |       |    29 |   217 |       ||   246
       Pearl dragon scal |       |       |       |    44 |   276 ||   320
Dodge: Dodged            |    68 |   135 |   218 |   492 |   426 ||  1339
Block: Large shield      |       |       |       |    95 |   846 ||   941
       Buckler           |       |       |       |       |    70 ||    70
       Reflection        |       |       |       |       |     2 ||     2

Table legend:
 A = Spawn XP
 B = Non-spawn XP
 C = Spawn XP percentage of total XP
 D = Spawn monster count
 E = Non-spawn monster count
 F = Spawn count percentage of total count
 G = Total turns spent on level
                    A         B        C        D         E        F      G
               +---------+---------+-------+---------+---------+-------+---------
         Total |       0 |  115839 |   0.0 |       0 |     646 |   0.0 | 24349
               +---------+---------+-------+---------+---------+-------+---------
           D:1 |       0 |      41 |   0.0 |       0 |      22 |   0.0 |  1163
           D:2 |       0 |      56 |   0.0 |       0 |      21 |   0.0 |  1510
           D:3 |       0 |     204 |   0.0 |       0 |      34 |   0.0 |  1366
           D:4 |       0 |      16 |   0.0 |       0 |       8 |   0.0 |   695
           D:5 |       0 |     772 |   0.0 |       0 |      26 |   0.0 |  1289
           D:6 |       0 |     677 |   0.0 |       0 |      19 |   0.0 |  1267
           D:7 |       0 |    1771 |   0.0 |       0 |      21 |   0.0 |  1176
           D:8 |       0 |    2177 |   0.0 |       0 |      29 |   0.0 |   900
           D:9 |       0 |    4055 |   0.0 |       0 |      37 |   0.0 |  1018
          D:10 |       0 |    3172 |   0.0 |       0 |      26 |   0.0 |  1637
          D:11 |       0 |    3144 |   0.0 |       0 |      15 |   0.0 |   638
          D:12 |       0 |     532 |   0.0 |       0 |       6 |   0.0 |   543
          D:13 |       0 |    6734 |   0.0 |       0 |      30 |   0.0 |   821
          D:14 |       0 |      34 |   0.0 |       0 |       1 |   0.0 |     7
        Lair:1 |       0 |    4651 |   0.0 |       0 |      25 |   0.0 |  1168
        Lair:2 |       0 |    2338 |   0.0 |       0 |       9 |   0.0 |   710
        Lair:3 |       0 |    3076 |   0.0 |       0 |      19 |   0.0 |  1031
        Lair:4 |       0 |    8610 |   0.0 |       0 |      29 |   0.0 |   861
        Lair:5 |       0 |   11494 |   0.0 |       0 |      25 |   0.0 |  1614
        Lair:6 |       0 |   37608 |   0.0 |       0 |      94 |   0.0 |  1622
         Orc:1 |       0 |    2652 |   0.0 |       0 |      22 |   0.0 |   502
         Orc:2 |       0 |   11570 |   0.0 |       0 |      90 |   0.0 |   958
           Lab |       0 |    1536 |   0.0 |       0 |       3 |   0.0 |   241
         IceCv |       0 |    8919 |   0.0 |       0 |      35 |   0.0 |  1373
               +---------+---------+-------+---------+---------+-------+---------
